SL
DETROIT RENAISSANCE @ VANCOUVER GREY WOLVES
07/11/2022
 
TOP OF THE 1ST
Detroit Renaissance batting - Pitching for Vancouver Grey Wolves : RHP Bill Fletcher
Pitching: RHP Bill Fletcher
Batting: RHB Eric D'Angle 0-0: Called Strike
0-1: Called Strike
0-2: Ball
1-2: Ball
2-2: Ball
3-2: Reached on error, E6 (Groundball, 56)
Batting: LHB Juan González 0-0: Called Strike
Eric D'Angle steals 2nd base
0-1: Swinging Strike
0-2: Ball
Wild Pitch!
Eric D'Angle to third
1-2: Ball
2-2: Foul Ball, location: 2F
2-2: Foul Ball, location: 2F
2-2: SINGLE (Line Drive, 6D)
Eric D'Angle scores
Batting: LHB Greg Robinson 0-0: Fly out, F8 (Flyball, 8RD)
Batting: LHB Mike Silver 0-0: Ball
1-0: Ball
2-0: Ball
3-0: Called Strike
3-1: Fly out, F6 (Popup, 6D)
Batting: RHB Randy García 0-0: Ball
1-0: SINGLE (Groundball, 6MD)
Juan González to second
Batting: RHB Ron Ward 0-0: Ball
1-0: Ball
2-0: Reached on error, E6 (Groundball, 6)
Juan González scores
Randy García to third
Batting: LHB David Hunt 0-0: Fly out, F6 (Popup, 5DF)
Top of the 1st over - 2 run(s), 2 hit(s), 2 error(s), 2 left on base; Detroit 2 - Vancouver 0
BOTTOM OF THE 1ST
Vancouver Grey Wolves batting - Pitching for Detroit Renaissance : LHP Ezio Deodato
Pitching: LHP Ezio Deodato
Batting: SHB Gregg Wagner 0-0: Ball
1-0: Ball
2-0: Called Strike
2-1: Ball
3-1: Reached on error, E4 (Groundball, 4M)
Batting: RHB Danny Walsh 0-0: Swinging Strike
0-1: Called Strike
0-2: Ground out 4-3 (Groundball, 4M)
Gregg Wagner to third
Batting: RHB Luis Muñóz 0-0: Ball
Steal of home, Gregg Wagner is out
1-0: Ball
2-0: Called Strike
2-1: Foul Ball, location: 2F
2-2: Foul Ball, location: 2F
2-2: Fly out, F7 (Line Drive, 7M)
Bottom of the 1st over - 0 run(s), 0 hit(s), 1 error(s), 0 left on base; Detroit 2 - Vancouver 0
TOP OF THE 2ND
Detroit Renaissance batting - Pitching for Vancouver Grey Wolves : RHP Bill Fletcher
Batting: RHB Harry Fuller 0-0: Called Strike
0-1: Foul Ball, location: 2F
0-2: Foul Ball, location: 2F
0-2: Ball
1-2: Foul Ball, location: 2F
1-2: Strikes out swinging
Batting: RHB Bernardo Herrera 0-0: Ball
1-0: Fly out, F8 (Flyball, 8RM)
Batting: RHB Eric D'Angle 0-0: Ball
1-0: Called Strike
1-1: Ball
2-1: Fly out, F9 (Popup, 34D)
Top of the 2nd over - 0 run(s), 0 hit(s), 0 error(s), 0 left on base; Detroit 2 - Vancouver 0
BOTTOM OF THE 2ND
Vancouver Grey Wolves batting - Pitching for Detroit Renaissance : LHP Ezio Deodato
Batting: LHB Min-heui Im 0-0: Ball
1-0: Ball
2-0: Ball
3-0: Fly out, F9 (Line Drive, 89S)
Batting: RHB Harris Harden 0-0: Ball
1-0: Ball
2-0: Swinging Strike
2-1: Swinging Strike
2-2: Fly out, F9 (Flyball, 9M)
Batting: LHB Héctor Cortéz 0-0: Called Strike
0-1: Foul Ball, location: 2F
0-2: SINGLE (Line Drive, 78S)
Batting: LHB Timmy Appeldoorn 0-0: Ball
1-0: Ball
2-0: Ball
3-0: Called Strike
3-1: Base on Balls
Héctor Cortéz to second
Batting: RHB Ramón Cabral 0-0: SINGLE (Line Drive, 34D)
Héctor Cortéz to third
Timmy Appeldoorn to second
Runner from 3rd tries for Home, SAFE, no throw or cutoff
Batting: RHB John Huff 0-0: Swinging Strike
0-1: Swinging Strike
0-2: Ball
1-2: Ball
2-2: Foul Ball, location: 2F
2-2: Strikes out looking
Bottom of the 2nd over - 1 run(s), 2 hit(s), 0 error(s), 2 left on base; Detroit 2 - Vancouver 1
TOP OF THE 3RD
Detroit Renaissance batting - Pitching for Vancouver Grey Wolves : RHP Bill Fletcher
Batting: LHB Juan González 0-0: Ball
1-0: Ball
2-0: Ball
3-0: Base on Balls
Batting: LHB Greg Robinson 0-0: Ball
Wild Pitch!
Juan González to second
1-0: Ball
2-0: Fly out, F8 (Flyball, 78M)
Batting: LHB Mike Silver 0-0: Ball
1-0: Swinging Strike
1-1: Ball
2-1: Called Strike
2-2: Strikes out swinging
Batting: RHB Randy García 0-0: Swinging Strike
0-1: Ball
1-1: Foul Ball, location: 2F
1-2: Fly out, F8 (Flyball, 8LD)
Top of the 3rd over - 0 run(s), 0 hit(s), 0 error(s), 1 left on base; Detroit 2 - Vancouver 1
BOTTOM OF THE 3RD
Vancouver Grey Wolves batting - Pitching for Detroit Renaissance : LHP Ezio Deodato
Batting: SHB Gregg Wagner 0-0: Ball
1-0: SINGLE (Line Drive, 4D)
Batting: RHB Danny Walsh 0-0: SINGLE (Line Drive, 6MD)
Gregg Wagner to second
Batting: RHB Luis Muñóz 0-0: Ball
1-0: Called Strike
1-1: Ball
2-1: Swinging Strike
2-2: Foul Ball, location: 2F
2-2: Strikes out swinging
Batting: LHB Min-heui Im 0-0: Called Strike
Gregg Wagner steals 3rd base
Danny Walsh to second
0-1: Ground out 4-3 (Groundball, 4)
Gregg Wagner scores
Danny Walsh to third
Batting: RHB Harris Harden 0-0: Foul Ball, location: 2F
0-1: Ball
1-1: Ball
2-1: Called Strike
2-2: Foul Ball, location: 2F
2-2: Ground out 5-3 (Groundball, 56S)
Bottom of the 3rd over - 1 run(s), 2 hit(s), 0 error(s), 1 left on base; Detroit 2 - Vancouver 2
TOP OF THE 4TH
Detroit Renaissance batting - Pitching for Vancouver Grey Wolves : RHP Bill Fletcher
Batting: RHB Ron Ward 0-0: Ball
1-0: Ball
2-0: Called Strike
2-1: Ground out 2-3 (Groundball, 2R)
Batting: LHB David Hunt 0-0: Ball
1-0: Ball
2-0: Called Strike
2-1: Called Strike
2-2: Strikes out swinging
Batting: RHB Harry Fuller 0-0: Bunted foul
0-1: Ball
1-1: Called Strike
1-2: Strikes out swinging
Top of the 4th over - 0 run(s), 0 hit(s), 0 error(s), 0 left on base; Detroit 2 - Vancouver 2
BOTTOM OF THE 4TH
Vancouver Grey Wolves batting - Pitching for Detroit Renaissance : LHP Ezio Deodato
Batting: LHB Héctor Cortéz 0-0: Called Strike
0-1: Called Strike
0-2: Ball
1-2: Ball
2-2: Foul Ball, location: 2F
2-2: Foul Ball, location: 2F
2-2: Ball
3-2: Foul Ball, location: 2F
3-2: Ground out 4-3 (Groundball, 4)
Batting: LHB Timmy Appeldoorn 0-0: Ground out 4-3 (Groundball, 4)
Batting: RHB Ramón Cabral 0-0: Ground out 1-3 (Groundball, 23)
Bottom of the 4th over - 0 run(s), 0 hit(s), 0 error(s), 0 left on base; Detroit 2 - Vancouver 2
TOP OF THE 5TH
Detroit Renaissance batting - Pitching for Vancouver Grey Wolves : RHP Bill Fletcher
Batting: RHB Bernardo Herrera 0-0: Called Strike
0-1: Foul Ball, location: 2F
0-2: SINGLE (Line Drive, 4D)
Batting: RHB Eric D'Angle 0-0: Ball
Bernardo Herrera steals 2nd base
1-0: Ball
Wild Pitch!
Bernardo Herrera to third
2-0: Called Strike
2-1: Ground out 6-3 (Groundball, 6)
Bernardo Herrera scores
Batting: LHB Juan González 0-0: Ball
1-0: Ball
2-0: Called Strike
2-1: Ball
3-1: Ground out U3 (Groundball, 3S)
Batting: LHB Greg Robinson 0-0: SOLO HOME RUN (Flyball, 9D), Distance : 334 ft
Batting: LHB Mike Silver 0-0: Ball
1-0: Ball
2-0: Foul Ball, location: 2F
2-1: Foul Ball, location: 2F
2-2: Foul Ball, location: 2F
2-2: Ball
3-2: Strikes out swinging
Top of the 5th over - 2 run(s), 2 hit(s), 0 error(s), 0 left on base; Detroit 4 - Vancouver 2
BOTTOM OF THE 5TH
Vancouver Grey Wolves batting - Pitching for Detroit Renaissance : LHP Ezio Deodato
Batting: RHB John Huff 0-0: Swinging Strike
0-1: Fly out, F7 (Flyball, 78M)
Batting: SHB Gregg Wagner 0-0: Called Strike
0-1: Ball
1-1: Swinging Strike
1-2: Foul Ball, location: 2F
1-2: Strikes out looking
Batting: RHB Danny Walsh 0-0: Called Strike
0-1: Ball
1-1: Ball
2-1: Ball
3-1: Fly out, F8 (Line Drive, 8LM)
Bottom of the 5th over - 0 run(s), 0 hit(s), 0 error(s), 0 left on base; Detroit 4 - Vancouver 2
TOP OF THE 6TH
Detroit Renaissance batting - Pitching for Vancouver Grey Wolves : RHP Bill Fletcher
Batting: RHB Randy García 0-0: Ball
1-0: Foul Ball, location: 2F
1-1: Called Strike
1-2: Strikes out looking
Batting: RHB Ron Ward 0-0: Ball
1-0: Ball
2-0: Called Strike
2-1: Foul Ball, location: 2F
2-2: Foul Ball, location: 2F
2-2: Fly out, F8 (Flyball, 8RD)
Batting: LHB David Hunt 0-0: Called Strike
0-1: Ball
1-1: Ball
2-1: Ball
3-1: Called Strike
3-2: Strikes out swinging
Top of the 6th over - 0 run(s), 0 hit(s), 0 error(s), 0 left on base; Detroit 4 - Vancouver 2
BOTTOM OF THE 6TH
Vancouver Grey Wolves batting - Pitching for Detroit Renaissance : LHP Ezio Deodato
Batting: RHB Luis Muñóz 0-0: Ball
1-0: Foul Ball, location: 2F
1-1: Ball
2-1: Ground out 1-3 (Groundball, 15)
Batting: LHB Min-heui Im 0-0: Ball
1-0: Foul Ball, location: 2F
1-1: Foul Ball, location: 2F
1-2: Fly out, F9 (Flyball, 9LD)
Batting: RHB Harris Harden 0-0: Called Strike
0-1: Swinging Strike
0-2: Ground out 1-3 (Groundball, 15S)
Bottom of the 6th over - 0 run(s), 0 hit(s), 0 error(s), 0 left on base; Detroit 4 - Vancouver 2
TOP OF THE 7TH
Detroit Renaissance batting - Pitching for Vancouver Grey Wolves : RHP Bill Fletcher
Batting: RHB Harry Fuller 0-0: Ball
1-0: Called Strike
1-1: Foul Ball, location: 2F
1-2: DOUBLE (Line Drive, 7LD)
Batting: RHB Bernardo Herrera 0-0: Called Strike
0-1: Swinging Strike
0-2: SINGLE (Groundball, 56D) (infield hit)
Harry Fuller to third
Batting: RHB Eric D'Angle 0-0: Called Strike
Bernardo Herrera steals 2nd base
0-1: DOUBLE (Line Drive, 78D)
Harry Fuller scores
Bernardo Herrera scores
Batting: LHB Juan González 0-0: Ball
1-0: Foul Ball, location: 2F
1-1: Called Strike
1-2: Ball
2-2: Strikes out looking
Pitching: RHP Francis Cahill
Batting: LHB Greg Robinson 0-0: Ball
1-0: Called Strike
1-1: Foul Ball, location: 2F
1-2: Foul Ball, location: 2F
1-2: Ground out 5-3 (Groundball, 56S)
Eric D'Angle to third
Batting: LHB Mike Silver 0-0: Foul Ball, location: 2F
0-1: Ball
1-1: Ball
2-1: Ball
3-1: Fly out, F5 (Popup, 5SF)
Top of the 7th over - 2 run(s), 3 hit(s), 0 error(s), 1 left on base; Detroit 6 - Vancouver 2
BOTTOM OF THE 7TH
Vancouver Grey Wolves batting - Pitching for Detroit Renaissance : LHP Ezio Deodato
Batting: LHB Héctor Cortéz 0-0: Ball
1-0: Ground out U3 (Groundball, 3)
Batting: LHB Timmy Appeldoorn 0-0: Foul Ball, location: 2F
0-1: Ball
1-1: Ball
2-1: Foul Ball, location: 2F
2-2: Ground out 4-3 (Groundball, 4)
Batting: RHB Ramón Cabral 0-0: Ball
1-0: Foul Ball, location: 2F
1-1: Ball
2-1: Swinging Strike
2-2: SINGLE (Line Drive, 78M)
Batting: RHB John Huff 0-0: Called Strike
0-1: Called Strike
0-2: Ball
1-2: Ball
2-2: Ground out 5-3 (Groundball, 5)
Bottom of the 7th over - 0 run(s), 1 hit(s), 0 error(s), 1 left on base; Detroit 6 - Vancouver 2
TOP OF THE 8TH
Detroit Renaissance batting - Pitching for Vancouver Grey Wolves : RHP Francis Cahill
Batting: RHB Randy García 0-0: Ball
1-0: Swinging Strike
1-1: Ground out 4-3 (Groundball, 4M)
Batting: RHB Ron Ward 0-0: Ball
1-0: Called Strike
1-1: Swinging Strike
1-2: Ball
2-2: Strikes out looking
Batting: LHB David Hunt 0-0: Ball
1-0: SOLO HOME RUN (Flyball, 9D), Distance : 337 ft
Batting: RHB Harry Fuller 0-0: Ball
1-0: SOLO HOME RUN (Flyball, 8LXD), Distance : 432 ft
Batting: RHB Bernardo Herrera 0-0: Ball
1-0: Foul Ball, location: 2F
1-1: Foul Ball, location: 2F
1-2: Ball
2-2: Ball
3-2: SINGLE (Line Drive, 8LS)
Batting: RHB Eric D'Angle 0-0: Called Strike
Bernardo Herrera steals 2nd base
0-1: Ball
1-1: Foul Ball, location: 2F
1-2: Strikes out looking
Top of the 8th over - 2 run(s), 3 hit(s), 0 error(s), 1 left on base; Detroit 8 - Vancouver 2
BOTTOM OF THE 8TH
Vancouver Grey Wolves batting - Pitching for Detroit Renaissance : LHP Ezio Deodato
Batting: SHB Gregg Wagner 0-0: Foul Ball, location: 2F
0-1: Ball
1-1: SINGLE (Groundball, 6MD)
Batting: RHB Danny Walsh 0-0: Ball
1-0: Foul Ball, location: 2F
1-1: Ball
2-1: Foul Ball, location: 2F
2-2: Foul Ball, location: 2F
2-2: Ball
3-2: SINGLE (Groundball, 56D)
Gregg Wagner to second
Pitching: LHP José Guerrero
Batting: RHB Luis Muñóz 0-0: Swinging Strike
0-1: Foul Ball, location: 2F
0-2: Ball
1-2: Ball
2-2: Foul Ball, location: 2F
2-2: Foul Ball, location: 2F
2-2: Ball
3-2: Foul Ball, location: 2F
3-2: SINGLE (Line Drive, 8LS)
Gregg Wagner to third
Danny Walsh to second
Runner from 3rd tries for Home, SAFE, no throw or cutoff
Batting: LHB Min-heui Im 0-0: Grounds into double play, U4-3 (Groundball, 4)
Danny Walsh to third
Batting: RHB Harris Harden 0-0: Ball
1-0: Ball
2-0: Ball
3-0: Called Strike
3-1: Called Strike
3-2: Ground out 4-3 (Groundball, 4)
Bottom of the 8th over - 1 run(s), 3 hit(s), 0 error(s), 1 left on base; Detroit 8 - Vancouver 3
TOP OF THE 9TH
Detroit Renaissance batting - Pitching for Vancouver Grey Wolves : RHP Francis Cahill
Batting: LHB Juan González 0-0: Called Strike
0-1: Foul Ball, location: 2F
0-2: Ball
1-2: Strikes out swinging
Batting: LHB Greg Robinson 0-0: Ball
1-0: Called Strike
1-1: Called Strike
1-2: DOUBLE (Line Drive, 8LD)
Batting: LHB Mike Silver 0-0: SINGLE (Groundball, 4MD)
Greg Robinson to third
Runner from 3rd tries for Home, SAFE, no throw or cutoff
Pitching: LHP Chang-soo Kim
Batting: RHB Randy García 0-0: Called Strike
0-1: Grounds into double play, 5-4-3 (Groundball, 5L)
Top of the 9th over - 1 run(s), 2 hit(s), 0 error(s), 0 left on base; Detroit 9 - Vancouver 3
BOTTOM OF THE 9TH
Vancouver Grey Wolves batting - Pitching for Detroit Renaissance : LHP José Guerrero
Batting: LHB Héctor Cortéz 0-0: Ground out 4-3 (Groundball, 4)
Batting: LHB Timmy Appeldoorn 0-0: Called Strike
0-1: Fly out, F6 (Popup, 6D)
Batting: RHB Ramón Cabral 0-0: Foul Ball, location: 2F
0-1: Foul Ball, location: 2F
0-2: Ball
1-2: Fly out, F4 (Popup, 4MD)
Bottom of the 9th over - 0 run(s), 0 hit(s), 0 error(s), 0 left on base; Detroit 9 - Vancouver 3
This league is powered by Out of the Park Baseball, the baseball management simulation game for PC, Mac and Linux
Friday, April 15th, 2016 - OOTP Baseball 16.9 Build 39